 Dungeon Crawl Stone Soup version 0.31.0-9-g3a7656b989 (webtiles) character file.

Game seed: 7729653191630076739

9 Colgate the Shooter (level 2, 22/22 HPs)
             Began as a Demonspawn Hunter on Feb 6, 2024.
             Quit the game on level 2 of the Dungeon.
             The game lasted 00:00:11 (328 turns).

Colgate the Shooter (Demonspawn Hunter)              Turns: 328, Time: 00:00:11

Health: 22/22      AC:  3    Str: 11    XL:     2   Next: 3%
Magic:  2/2        EV: 11    Int:  9    God:
Gold:   36         SH:  0    Dex: 16    Spells: 1/1 levels left

rFire   . . .        a - +0 shortbow
rCold   . . .        (shield currently unavailable)
rNeg    . . .        c - +0 leather armour
rPois   .            (no helmet)
rElec   .            (no cloak)
rCorr   .            (no gloves)
SInv    .            (no boots)
Will    .....        (no amulet)
Stlth   +            (no ring)
HPRegen 0.23/turn    (no ring)
MPRegen 0.08/turn

%: no passive effects
@: no status effects
A: powered by pain 1
a: no special abilities


You were on level 2 of the Dungeon.
You visited 1 branch of the dungeon, and saw 2 of its levels.

You collected 36 gold pieces.

Inventory:

Hand Weapons
 a - a +0 shortbow (weapon)
Armour
 c - a +0 leather armour (worn)
Scrolls
 b - a scroll of butterflies
 f - a scroll of enchant weapon {unknown}
 g - a scroll of poison {unknown}
Potions
 d - 2 potions of degeneration {unknown}
 e - a potion of curing {unknown}


   Skills:
 - Level 2.0 Fighting
 + Level 4.1 Ranged Weapons
 - Level 1.7 Dodging
 - Level 0.8 Stealth


You had one spell level left.
You didn't know any spells.
Your spell library was empty.

Dungeon Overview and Level Annotations

Branches:
Dungeon (1/15)

Altars:
Vehumet


Innate Abilities, Weirdness & Mutations

You sometimes gain a little power by taking damage.


Message History

Key pressed, stopping explore.
No target in view!
Key pressed, stopping explore.
No target in view!
Key pressed, stopping explore.
No target in view!
Key pressed, stopping explore.
No target in view!
Key pressed, stopping explore.
No target in view!
Key pressed, stopping explore.
No target in view!
Key pressed, stopping explore.
No target in view!
Key pressed, stopping explore.
No target in view!
Found an escape hatch in the ceiling.
No target in view!
Found a chain mail.
No target in view!
You enter the shallow water.
Moving in this stuff is going to be slow.
You enter the shallow water.
Moving in this stuff is going to be slow.
You enter the shallow water.
Moving in this stuff is going to be slow.
You see here a +0 chain mail.
Found a stone staircase leading up.
No target in view!
You now have 36 gold pieces (gained 7).
Found a stone staircase leading down.
No target in view!
An endoplasm comes into view.
You shoot an arrow. The arrow hits the endoplasm!
You kill the endoplasm!
A quokka comes into view.
You have reached level 2!
Your demonic ancestry asserts itself...
You feel energised by your suffering.
Are you sure you want to abandon this character and quit the game? (Confirm with "yes".)

#.###.#######.#### #.#
#...........<....########..
#####.####.####............
#.# #.# #####...##### #.#
#.# #≈≈~~~≈≈≈##
#.####.########...####.
#...>........###.####.#
...####...............##
### #@####...#######.#
.......$..#.... #.
..##..##..... # ...#
#.....r # #..# ...... #..
#.. .#.... ##≈ #. ##... #≈~
. #.. ..≈ ###


You could see a quokka (wandering).

Vanquished Creatures
  A dart slug (D:2)
  2 ball pythons
  2 endoplasms (D:2)
  A bat (D:2)
  A goblin (D:2)
7 creatures vanquished.

Notes
Turn   | Place    | Note
-------+----------+-------------------------------------------
     0 | D:1      | Colgate the Demonspawn Hunter began the quest for the Orb.
     0 | D:1      | Reached XP level 1. HP: 16/16 MP: 1/1
    51 | D:1      | You fall into a shaft and drop 1 floor!
   117 | D:2      | Found a radiant altar of Vehumet.
   234 | D:2      | Reached skill level 4 in Ranged Weapons
   328 | D:2      | Gained mutation: You sometimes gain a little power by
                  | taking damage. [demonic ancestry]
   328 | D:2      | Reached XP level 2. HP: 22/22 MP: 2/2
   328 | D:2      | Quit the game

Illustrated notes

Levels and vault maps discovered:
D:1:      saegor_arrival_simple_a, layout_rooms, minmay_pentomino_u4
D:2:      layout_loops_ring, basic_altar, serial_rivers,
          chequers_serial_rivers_large_a, chequers_serial_rivers_small_a,
          chequers_serial_rivers_room_b, chequers_serial_rivers_micro_a,
          chequers_serial_rivers_micro_e, chequers_serial_rivers_micro_b,
          palyth_stone_intersect, uniq_crazy_yiuf_cottage

Skill      XL: |  1 |
---------------+----+-----
Ranged Weapons | 4 |  4.1
Fighting       | |  2.0
Dodging        | |  1.7
Stealth        | |  0.8

Action                     || total
---------------------------++-------
   Fire: Shortbow          ||    21
 Armour: Leather armour    ||     4
  Dodge: Dodged            ||     2
